AoeStats
← gob b

QS Arena

503126147Analyzed
4v4 RM · 1mo ago on Aug 30, 2026· 48m 28s· 8 players
Game mode
Random Map
Map size
Large (8 player)
Population
200
Speed
Normal
Resources
Standard
Victory
Conquest
Starting age
Dark Age
Ending age
Imperial Age
RankedLock teamsTeams togetherTeam positionsShared explorationLock speedFull tech treeHidden civsTurbo modeCheats
Victory
Defeat
🇨🇳 Celts · China
1225
+16
🇨🇳 Persians · China
1216
+16
🇮🇳 Khmer · India
1196
+17
🇭🇰 Franks · Hong Kong SAR China
1174
+18
🇮🇳 Romans · India
1285
-20
🇷🇺 Khmer · Russia
1214
-17
🇪🇸 Poles · Spain
1203
-16
🇳🇱 Koreans · Netherlands
1197
-16
reuellemos29
8:13 Feudal Age
11:31 Castle Age
9:43 Double-Bit Axe
14:55 Horse Collar
18:34 Wheelbarrow
20:07 Gold Mining
20:31 Scale Barding Armor
21:44 Loom
21:47 Town Watch
23:10 Hand Cart
25:32 Imperial Age
23:15 Scale Barding Armor
23:35 Forging
23:56 Bow Saw
23:49 Heavy Plow
24:34 Gold Shaft Mining
23:52 Stone Mining
24:54 Bloodlines
24:45 Husbandry
25:22 Chain Barding Armor
24:29 Light Cavalry
26:43 Stone Shaft Mining
26:51 Gold Shaft Mining
26:58 Iron Casting
27:37 Caravan
29:30 Plate Barding Armor
28:34 Elite Battle Elephant
31:57 Blast Furnace
31:46 Stone Shaft Mining
31:46 Ballistics
32:12 Heavy Scorpion
33:20 Conscription
33:50 Hussar
35:58 Crop Rotation
36:32 Double Crossbow
37:43 Chemistry
39:50 Siege Engineers
40:32 Fletching
41:14 Bodkin Arrow
41:33 Masonry
44:40 Coinage
44:32 Fortified Wall
44:54 Architecture
44:35 Bracer
46:43 Town Patrol
就是天胡
2:30 Loom
8:12 Feudal Age
9:02 Double-Bit Axe
12:37 Castle Age
13:26 Bow Saw
18:00 Fletching
19:12 Wheelbarrow
23:29 Horse Collar
25:09 Heavy Plow
26:26 Gold Mining
26:26 Stone Mining
29:55 Imperial Age
28:05 Gold Shaft Mining
28:06 Stone Shaft Mining
28:16 Stone Shaft Mining
28:10 Bodkin Arrow
29:13 Scale Barding Armor
29:18 Forging
30:29 Chain Barding Armor
30:44 Conscription
31:50 Two-Man Saw
31:22 Crop Rotation
31:37 Iron Casting
31:27 Husbandry
31:38 Bloodlines
32:03 Hand Cart
31:33 Town Watch
32:46 Capped Ram
33:50 Ballistics
35:41 Plate Barding Armor
36:07 Blast Furnace
37:23 Hoardings
37:17 Elite War Elephant
38:59 Town Patrol
41:59 Citadels
44:45 Chemistry
43:41 Murder Holes
43:56 Masonry
44:59 Guilds
44:50 Caravan
H wont help
1:02 Loom
8:44 Feudal Age
9:18 Double-Bit Axe
13:23 Town Watch
16:00 Castle Age
14:17 Gold Mining
14:41 Forging
15:03 Scale Barding Armor
14:56 Stone Mining
16:46 Wheelbarrow
16:02 Fletching
24:54 Hand Cart
32:22 Imperial Age
30:27 Ballistics
30:39 Husbandry
31:56 Iron Casting
31:43 #83
31:47 Murder Holes
32:28 Gold Shaft Mining
32:37 Masonry
32:49 Chain Barding Armor
32:34 Cavalier
33:18 Chivalry
34:22 Blast Furnace
33:57 Town Patrol
35:50 Plate Barding Armor
36:24 Paladin
37:28 Bodkin Arrow
38:36 Chemistry
38:30 Conscription
40:46 Elite Throwing Axeman
42:04 Hoardings
41:45 Padded Archer Armor
42:52 Light Cavalry
46:22 Caravan
46:45 Bow Saw
46:42 Siege Engineers
46:45 Scale Mail Armor
47:01 Leather Archer Armor
46:48 Squires
46:33 Gambesons
46:34 Arson
野象
8:43 Feudal Age
9:33 Loom
13:01 Castle Age
12:53 Double-Bit Axe
12:50 Horse Collar
14:16 Heavy Plow
14:28 Bow Saw
25:58 Imperial Age
24:11 Wheelbarrow
24:32 Town Watch
24:53 Stone Mining
26:28 Ballistics
26:20 Heavy Scorpion
26:59 Gold Mining
27:44 Capped Ram
30:24 Siege Engineers
31:20 Chemistry
30:44 Fletching
32:16 Furor Celtica
35:25 Siege Ram
39:59 Pikeman
44:16 Halberdier
gob b
9:04 Feudal Age
12:48 Castle Age
11:20 Forging
11:25 Double-Bit Axe
11:45 Horse Collar
12:36 Gold Mining
14:51 Wheelbarrow
24:59 Imperial Age
24:23 Bow Saw
24:06 Loom
24:36 Hand Cart
24:43 Ballistics
25:10 Heavy Plow
25:56 Ballistas
26:14 Conscription
26:56 Heavy Scorpion
31:20 Siege Engineers
34:46 Chemistry
46:34 Murder Holes
47:39 Fletching
城堡盖你脸上
0:35 Loom
7:38 Feudal Age
8:15 Double-Bit Axe
8:15 Horse Collar
9:57 Bloodlines
15:18 Forging
15:13 Scale Barding Armor
16:49 Gold Mining
20:48 Castle Age
25:12 Imperial Age
23:27 Wheelbarrow
23:04 Bow Saw
23:29 Loom
26:20 Gold Shaft Mining
25:36 Stone Mining
27:07 Heavy Plow
27:30 Hand Cart
27:12 Loom
27:15 Town Watch
29:58 Stone Shaft Mining
30:58 Fortified Wall
31:46 Heavy Scorpion
33:56 Ballistics
34:36 Chemistry
33:42 Siege Engineers
36:41 Double Crossbow
38:42 Chain Barding Armor
39:03 Iron Casting
39:37 Husbandry
38:57 Light Cavalry
40:15 Plate Barding Armor
39:20 Capped Ram
41:44 Blast Furnace
40:06 Hussar
Joy&SalvationInChrist
8:36 Feudal Age
8:23 Loom
9:53 Double-Bit Axe
12:31 Castle Age
13:21 Horse Collar
19:18 Wheelbarrow
22:56 Hand Cart
22:59 Gold Mining
23:06 Stone Mining
23:48 Scale Mail Armor
27:35 Imperial Age
25:58 Chain Mail Armor
25:36 Town Watch
26:23 Bow Saw
26:55 Fletching
28:12 Eupseong
28:16 Bodkin Arrow
29:37 Conscription
31:32 Chemistry
30:37 Bracer
32:25 Plate Mail Armor
31:17 Pikeman
31:58 Squires
32:05 Halberdier
35:55 Forging
39:43 Iron Casting
39:28 Siege Engineers
41:44 Ballistics
44:21 Masonry
44:26 Heavy Rocket Cart
Juanchan
4:55 Loom
8:34 Feudal Age
13:50 Castle Age
16:11 Wheelbarrow
15:23 Double-Bit Axe
20:08 Bow Saw
19:41 Horse Collar
28:05 Imperial Age
25:29 Pikeman
28:03 Szlachta Privileges
29:11 Forging
29:01 Scale Mail Armor
29:26 Squires
29:12 Arson
30:30 Conscription
30:55 Hand Cart
30:27 Town Watch
32:01 Scale Barding Armor
32:13 Chain Mail Armor
32:35 Iron Casting
33:30 Plate Mail Armor
33:23 Fletching
35:24 Blast Furnace
35:31 Onager
40:24 Bloodlines
40:15 Husbandry
39:35 Light Cavalry
40:43 Town Patrol
41:58 Cavalier
41:58 Winged Hussar
46:58 Heavy Plow
Connection lost

Rejoining the realm…

Still unreachable

The connection could not be restored.

Session expired

The server has moved on; the page needs a fresh start.